Map: Thunderbird LE

Players

knight - Winner!

  • Race: Terran Terran
  • League: Gold
  • Spawn Location: 11:00

HardCorePawn

  • Race: Zerg Zerg
  • Spawn Location: 5:00

VOD

Have the link to the VOD?

Description

Time

  • Played on: Oct. 21, 2019, 3:22 a.m.
  • Length: 29:42
Show
View Real Time Build Order
Export as new Build Order

knight Terran - Winner!

Build Orders:  

Get SALT Encoding   

  12  0:00  SCV  
  13  0:19  SCV  
  13  0:20  Supply Depot  
  14  0:32  SCV  
  14  0:33  Refinery  
  15  0:46  Barracks  
  15  0:47  SCV  
  16  0:59  SCV  
  17  1:07  Barracks  
  17  1:11  SCV  
  18  1:24  SCV  
  19  1:33  Reaper  
  19  1:35  Supply Depot  
  19  1:39  SCV  
  21  1:51  SCV  
  22  1:57  Factory  
  22  2:07  Refinery  
  22  2:14  Marine  
  22  2:15  Marine  
  24  2:20  Orbital Command  
  24  2:33  Barracks Reactor  
  24  2:34  Barracks Tech Lab  
  24  2:49  Command Center  
  24  2:58  Starport  
  24  3:03  Marine  
  24  3:17  Marine x2  
  26  3:31  Marine  
  27  3:39  Marine x2  
  29  3:50  Command Center  
  29  3:51  Factory Tech Lab, Medivac  
  29  3:54  Stimpack  
  30  4:16  Supply Depot  
  30  4:17  Marine, Supply Depot  
  31  4:38  Marine x2, Widow Mine, SCV  
  36  4:40  Command Center  
  36  4:46  Starport Reactor  
  36  4:50  Marine  
  37  5:03  Barracks  
  37  5:19  Siege Tank, Supply Depot  
  40  5:28  Medivac  
  40  5:50  Marine  
  40  5:51  Marine, Marauder  
  40  5:53  SCV  
  40  5:54  SCV  
  46  6:01  SCV  
  47  6:05  SCV  
  47  6:06  SCV  
  47  6:11  Viking  
  51  6:20  Orbital Command  
  51  6:30  Viking  
  53  6:38  Barracks Reactor  
  53  6:41  Barracks  
  53  6:51  Marine x2  
  53  6:52  Marauder  
  57  7:01  Siege Tank  
  60  7:09  Marine x2  
  60  7:12  Armory  
  62  7:25  Marine x2  
  62  7:26  Marauder  
  66  7:31  Refinery  
  66  7:32  Refinery  
  66  7:33  SCV  
  67  7:47  Marine, Marauder  
  70  7:53  Combat Shield  
  70  7:58  Barracks Tech Lab  
  70  8:03  Drilling Claws  
  70  8:08  Marauder  
  70  8:09  Factory  
  72  8:15  SCV  
  72  8:16  SCV  
  74  8:28  Viking  
  74  8:29  Engineering Bay  
  76  8:36  Widow Mine  
  78  8:42  SCV  
  79  8:49  SCV  
  80  8:57  Widow Mine, SCV x2  
  80  9:01  SCV  
  85  9:13  Terran Infantry Weapons Level 1  
  85  9:31  Widow Mine  
  85  9:33  SCV  
  65  9:51  Marine  
  65  9:52  Marine x3  
  65  9:53  Marauder  
  63  10:05  Marine  
  62  10:09  Marine  
  62  10:13  Marine x2  
  67  10:14  Siege Tank, Marauder  
  70  10:23  Marauder  
  68  10:35  Marauder  
  68  10:41  Marine x4  
  70  10:45  Marauder  
  70  10:46  Siege Tank  
  73  10:57  Marauder  
  73  10:58  Marine x2, SCV  
  73  10:59  Marine  
  73  11:02  Refinery  
  77  11:09  Engineering Bay  
  77  11:38  Marauder  
  75  11:40  Widow Mine  
  75  11:41  Marauder  
  75  11:43  SCV  
  77  12:07  Supply Depot x2  
  77  12:22  Terran Infantry Weapons Level 2  
  77  12:28  Marine x4  
  77  12:29  Marauder x2, Widow Mine x2, SCV x2  
  91  12:33  Supply Depot  
  91  12:34  Supply Depot  
  91  12:41  Terran Infantry Armor Level 1, SCV  
  91  12:43  Orbital Command  
  92  12:46  Marine  
  92  12:47  Marine x2  
  93  12:54  Marine x2  
  93  12:55  Marauder, SCV  
  98  13:10  SCV  
  98  13:12  Factory Reactor  
  99  13:13  Marauder  
  99  13:15  Marine x3  
  99  13:16  Marauder  
  106  13:22  SCV x3  
  109  13:27  Terran Vehicle Weapons Level 1, Supply Depot  
  109  13:28  Supply Depot x2  
  109  13:49  Marauder, Medivac x2, SCV x2  
  109  13:50  Marauder, SCV  
  120  14:01  SCV x2  
  120  14:13  SCV  
  106  14:26  Marine x3  
  106  14:27  Marauder x2  
  112  14:40  Marine  
  112  14:44  Marine x2  
  115  14:49  Marauder x2  
  113  14:53  Marine  
  113  14:58  Marine  
  113  14:59  Refinery, SCV  
  116  15:02  Marine x2  
  118  15:10  Marauder  
  118  15:11  SCV  
  118  15:12  Terran Infantry Armor Level 2  
  118  15:13  Terran Infantry Weapons Level 3, Command Center  
  118  15:14  Marine x2  
  123  15:23  SCV  
  124  15:29  Widow Mine x3  
  124  15:31  Marauder  
  124  15:35  SCV  
  133  15:41  Supply Depot  
  133  15:42  Supply Depot  
  133  15:43  Supply Depot  
  133  15:44  Supply Depot  
  133  15:46  Supply Depot  
  133  15:54  Marauder  
  133  15:58  Widow Mine  
  133  15:59  Widow Mine  
  133  16:09  Marine x2  
  133  16:10  Marine  
  133  16:11  Marauder  
  116  16:33  SCV x3  
  119  16:45  SCV x3  
  119  16:46  Supply Depot  
  122  16:47  Supply Depot  
  122  16:48  Supply Depot  
  122  16:50  Supply Depot  
  122  16:52  Supply Depot  
  122  16:57  SCV x3  
  125  17:09  SCV x2  
  100  17:46  Marine x3  
  100  17:47  Marauder x2  
  87  18:00  Marine  
  87  18:04  Marine x3, Widow Mine  
  87  18:05  Widow Mine x2  
  97  18:08  Marine  
  97  18:09  Marauder  
  99  18:18  Marine  
  98  18:22  Marine x2  
  98  18:26  Widow Mine, Marauder  
  89  18:38  Marine x3  
  89  18:40  Marine  
  90  18:47  Command Center  
  90  18:48  Marauder  
  92  19:04  Command Center  
  92  19:07  Command Center  
  92  19:10  Marine x3  
  92  19:11  Marine, Marauder x2  
  92  19:14  Terran Infantry Armor Level 3  
  100  19:28  Marine x3  
  100  19:29  Marine  
  104  19:32  Marauder x2  
  104  19:35  Barracks  
  104  19:37  Barracks  
  104  19:38  Barracks  
  108  19:40  Barracks  
  108  19:41  Barracks  
  108  19:44  Medivac x2  
  108  19:45  Marine x2, Command Center  
  110  19:54  Marauder x2  
  111  20:04  Marine x3  
  111  20:05  Marine  
  115  20:14  Medivac x2  
  115  20:15  Marauder x2  
  115  20:16  Orbital Command  
  115  20:18  Orbital Command  
  123  20:22  Marine x2  
  123  20:23  Marine  
  123  20:24  Marine x4  
  123  20:28  Widow Mine  
  132  20:30  Widow Mine  
  134  20:36  Marauder  
  134  20:37  Marauder  
  134  20:40  Marine x2  
  134  20:41  Marine  
  141  20:47  Marine  
  141  20:48  Marine x2  
  144  20:51  Widow Mine  
  144  20:53  Widow Mine  
  148  20:58  Marauder x2  
  148  20:59  Planetary Fortress  
  130  21:19  Marauder x2  
  121  21:32  Marine x4  
  114  21:41  Marauder x2  
  113  22:02  Marauder  
  115  22:39  Widow Mine x3  
  115  22:40  Marine x5  
  115  22:41  Marine x4, Marauder x2  
  115  22:43  Medivac  
  115  22:44  Medivac  
  138  22:50  Refinery  
  138  22:52  Refinery  
  138  22:54  Supply Depot, Orbital Command  
  138  22:56  Supply Depot  
  138  22:57  SCV x3, Supply Depot  
  138  22:58  Marine  
  142  23:01  Widow Mine  
  142  23:02  Marauder  
  146  23:09  SCV x2  
  146  23:10  SCV  
  149  23:13  Marine x3, Medivac  
  149  23:14  Marine x2, Medivac, Marauder  
  160  23:21  SCV  
  160  23:24  Marauder  
  105  24:31  Marine x4  
  97  24:32  Marine x4, Marauder x2  
  97  24:33  Marine  
  108  24:48  Widow Mine x3  
  108  24:49  Marine x4  
  108  24:50  Marine  
  117  24:54  Marauder x2  
  117  24:55  Marine x3  
  117  24:56  Marine  
  125  25:06  Marine  
  126  25:07  Marine x3  
  126  25:09  Medivac x2, Widow Mine  
  126  25:10  Widow Mine x2  
  139  25:15  Marauder x2  
  139  25:18  Marine x4  
  139  25:19  Marine  
  148  25:36  Marauder x2  
  148  25:39  Marine x5  
  156  25:55  Marine x3  
  159  25:58  Marauder x2  
  163  26:19  Marauder x2  
  157  26:38  Marine x3  
  160  26:40  Marauder  
  162  26:50  Marine  
  162  26:51  Marine x3  
  162  26:52  Marine x2, Marauder  
  162  26:53  Widow Mine x3  
  176  26:56  Marine  
  177  27:15  Widow Mine  
  138  27:32  Marine x4  
  138  27:33  Marine, Marauder x2  
  147  28:05  Marine x5  
  150  28:06  Marine x2, Marauder x2  
  153  29:15  Marauder x2  
Show
View Real Time Build Order
Export as new Build Order

HardCorePawn Zerg 

Build Orders: Hatch First 

Get SALT Encoding   

  12  0:00  Drone  
  13  0:13  Drone  
  14  0:18  Overlord  
  14  0:39  Drone x2  
  16  0:54  Hatchery  
  15  1:00  Drone x2  
  17  1:07  Drone  
  18  1:18  Spawning Pool  
  17  1:22  Drone, Extractor  
  17  1:32  Drone  
  18  1:52  Drone x2  
  20  2:08  Zergling x6  
  23  2:11  Queen  
  23  2:14  Queen  
  26  2:16  Drone  
  27  2:28  Metabolic Boost  
  27  2:38  Drone  
  27  3:09  Queen  
  28  3:17  Overlord x3  
  27  3:35  Queen  
  27  3:40  Extractor  
  27  3:56  Drone x8  
  27  3:57  Drone  
  36  4:09  Hatchery  
  35  4:10  Zergling x6  
  38  4:17  Spore Crawler  
  38  4:19  Spore Crawler  
  38  4:23  Drone  
  37  4:30  Spore Crawler  
  35  4:38  Zergling x6  
  37  4:46  Baneling Nest  
  37  4:52  Drone x2  
  38  5:05  Spine Crawler  
  38  5:06  Drone x3  
  40  5:16  Zergling x4  
  40  5:17  Zergling x2  
  43  5:24  Extractor  
  43  5:28  Spine Crawler  
  41  5:33  Lair  
  41  5:37  Drone  
  41  5:41  Drone  
  43  5:48  Baneling x2  
  43  5:49  Baneling x3  
  43  6:07  Drone x7  
  50  6:13  Queen  
  52  6:25  Zergling x8  
  55  6:39  Zergling x14  
  54  6:46  Centrifical Hooks  
  54  6:54  Overlord x2  
  54  7:32  Roach Warren  
  54  7:35  Zergling x14  
  54  7:36  Zergling x4  
  62  7:39  Baneling x6  
  62  7:40  Baneling x4  
  62  8:00  Overlord x5  
  62  8:12  Glial Reconstitution  
  62  8:23  Infestation Pit  
  61  8:31  Evolution Chamber, Zergling x2  
  61  8:32  Zergling x32  
  61  8:34  Evolution Chamber  
  76  8:58  Hatchery  
  75  9:06  Drone  
  75  9:07  Drone x8  
  84  9:36  Hatchery  
  67  9:41  Zergling x20  
  61  10:20  Pathogen Glands  
  61  10:22  Roach  
  61  10:23  Roach x11  
  78  10:36  Zerg Missile Weapons Level 1, Zerg Ground Armor Level 1  
  78  10:40  Drone  
  78  10:41  Drone x5  
  81  10:44  Queen  
  79  10:50  Queen  
  79  11:09  Ravager x3  
  79  11:10  Ravager x3  
  85  11:12  Roach x6  
  97  11:19  Drone x5  
  102  11:32  Drone x8  
  78  11:48  Roach  
  78  11:49  Roach x6  
  78  11:52  Zergling x6  
  95  12:03  Overseer  
  93  12:12  Spore Crawler  
  93  12:14  Zergling x6  
  93  12:15  Spine Crawler, Zergling x20  
  103  12:24  Baneling x2  
  103  12:25  Baneling x4  
  103  12:28  Ravager x3  
  103  12:29  Ravager x2  
  108  12:30  Zergling x2  
  109  12:53  Overlord x4  
  109  12:54  Overlord x2  
  109  12:59  Extractor  
  109  13:01  Queen, Hive, Extractor  
  109  13:19  Drone x8  
  117  13:40  Nydus Network  
  116  13:42  Roach  
  116  13:43  Roach x9  
  136  13:51  Zergling x40  
  122  14:29  Zergling x38  
  136  14:56  Zergling x28  
  136  14:59  Baneling x3  
  150  15:00  Baneling x8  
  150  15:01  Baneling  
  150  15:02  Roach x3  
  154  15:07  Ravager x2  
  154  15:08  Ravager  
  154  15:11  Baneling x2  
  157  15:18  Overlord x4  
  155  16:01  Overseer  
  136  16:22  Roach x9  
  136  16:23  Roach x12  
  173  16:44  Zergling x2  
  173  16:45  Zergling x12  
  179  16:55  Overseer x3  
  177  17:10  Ultralisk Cavern  
  177  17:22  Zergling x6  
  177  17:23  Zergling x12  
  177  17:25  Overlord x5  
  168  17:37  Hatchery  
  108  18:44  Overseer x3  
  108  19:02  Zergling x14  
  115  19:03  Zergling x44  
  137  19:15  Zergling x8  
  137  19:16  Zergling x4  
  143  19:28  Drone  
  143  19:29  Drone x5  
  149  19:48  Queen  
  145  20:00  Baneling x3  
  145  20:01  Baneling x7  
  145  20:02  Extractor x2, Baneling x4  
  145  20:03  Zergling x32  
  159  20:22  Neural Parasite  
  159  20:27  Chitinous Plating  
  159  20:30  Tunneling Claws  
  159  20:32  Adrenal Glands  
  159  20:34  Zerg Missile Weapons Level 2  
  159  20:35  Zerg Ground Armor Level 2  
  159  20:40  Drone  
  159  20:41  Drone x13  
  173  20:50  Spore Crawler  
  172  20:59  Zergling x20  
  172  21:00  Hatchery  
  129  21:24  Zergling x20  
  129  21:25  Zergling x8  
  99  21:41  Zergling x16  
  100  21:49  Pneumatized Carapace  
  98  21:55  Baneling x3  
  98  21:56  Baneling x6  
  98  21:57  Zergling x8  
  98  21:58  Zergling x16  
  106  22:08  Ultralisk  
  106  22:13  Zergling x8  
  110  22:22  Baneling x3  
  110  22:23  Baneling  
  110  22:34  Ultralisk x7  
  152  22:42  Drone  
  152  22:43  Drone x5  
  158  22:57  Extractor  
  158  22:58  Extractor  
  156  23:08  Hatchery  
  155  23:16  Roach  
  155  23:17  Roach x12  
  155  23:18  Hatchery  
  123  23:53  Overseer x3  
  111  24:11  Zergling x24  
  100  24:27  Zergling x8  
  77  24:41  Ultralisk x3  
  77  24:42  Ultralisk  
  101  24:55  Drone  
  101  24:56  Drone x7  
  109  25:05  Zerg Missile Weapons Level 3, Zerg Ground Armor Level 3  
  109  25:10  Roach  
  109  25:11  Roach x3  
  117  25:22  Drone x4  
  117  25:27  Extractor x2  
  119  25:29  Drone x4  
  123  25:40  Zergling x8  
  126  25:52  Infestor  
  126  25:53  Infestor x3  
  134  25:59  Baneling x6  
  134  26:00  Baneling x2  
  134  26:01  Zergling x12  
  139  26:18  Zergling x14  
  133  26:28  Zergling x6  
  112  26:46  Zergling x2  
  113  26:47  Zergling x14  
  113  26:53  Hatchery  
  119  27:00  Hatchery  
  116  27:11  Hatchery  
  57  27:33  Zergling x22  
  57  27:46  Queen  
  55  27:57  Zergling x20  
  65  28:00  Baneling x5  
  65  28:01  Baneling x5  
  65  28:02  Baneling  
  65  28:03  Baneling x2  
  63  28:10  Overseer  
  58  28:21  Zergling x18  
  58  28:26  Zergling x6  
  67  28:30  Ultralisk  
  55  28:45  Drone x4  
  55  28:47  Drone  
  57  28:50  Drone  
  55  29:05  Zergling x6  
Tags
 
League
Gold
Matchup
TvZ
Spawn Locations
Cross Positions
Add a new tag
Caveats
  • Supply blocks, unpowered buildings, or Contaminate may cause inaccurate times.
  • Supply counts are checked every 10 seconds.